 Dungeon Crawl Stone Soup version 0.22.0 (webtiles) character file.

205 Gorglomux the Chopper (level 5, -4/43 HPs)
             Began as a Demonspawn Gladiator on Aug 11, 2018.
             Slain by an adder (5 damage)
             ... on level 3 of the Dungeon.
             The game lasted 00:01:29 (3034 turns).

Gorglomux the Chopper (Demonspawn Gladiator)        Turns: 3034, Time: 00:01:30

Health: -4/43      AC:  5    Str: 15    XL:     5   Next: 52%
Magic:  5/5        EV: 12    Int: 10    God:
Gold:   99         SH:  0    Dex: 14    Spells: 4/4 levels left

rFire    . . .     SeeInvis .   a - +0 war axe
rCold    . . .     Gourm    .   (no shield)
rNeg     + . .     Faith    .   b - +0 leather armour
rPois    .         Spirit   .   c - +0 helmet
rElec    .         Reflect  .   (no cloak)
rCorr    .         Harm     .   (no gloves)
MR       .....                  (no boots)
Stlth    ++........             (no amulet)
HPRegen  0.14/turn              T - ring of positive energy
MPRegen  0.09/turn              (no ring)

@: no status effects
A: rugged brown scales 1, demonic guardian 1, nightstalker 1
a: no special abilities


You were on level 3 of the Dungeon.
You were not hungry.

You visited 1 branch of the dungeon, and saw 4 of its levels.

You collected 99 gold pieces.

Inventory:

Hand Weapons
 a - a +0 war axe (weapon)
Missiles
 Z - 3 throwing nets (quivered)
Armour
 b - a +0 leather armour (worn)
 c - a +0 helmet (worn)
Jewellery
 T - a ring of positive energy (left hand)
Wands
 S - a wand of scattershot (7)
Scrolls
 P - 2 scrolls of remove curse
 U - a scroll of magic mapping {unknown}
 W - 2 scrolls of teleportation {unknown}
Potions
 M - a potion of brilliance
 O - a potion of haste
 Q - a potion of curing
 V - a potion of heal wounds {unknown}
 Y - a potion of might {unknown}
Comestibles
 f - 3 rations
 N - a chunk of flesh


   Skills:
 + Level 3.7 Fighting
 + Level 3.9 Axes
 - Level 1.7 Throwing
 + Level 2.6 Armour
 - Level 2.6 Dodging


You had 4 spell levels left.
You didn't know any spells.
Your spell library was empty.

Dungeon Overview and Level Annotations

Branches:
Dungeon (4/15)
 Temple: D:4-7

Altars:
Ashenzari
Ru

Annotations:
D:2 1 runed door


Innate Abilities, Weirdness & Mutations

You are partially covered in rugged brown scales. (AC +1, +3% HP)
A weak demonic guardian rushes to your aid.
You are slightly more attuned to the shadows.


Message History

The adder closely misses you! The hound bites you! * * * don't die
* * * You butt too injured to fight recklessly!!!
You are butt injured to fight recklessly!!!
Unknown command!
You are too injured to fight recklessly!!!
You miss the adder! You closely miss the hound! The adder barely misses you!
The hound completely misses you! The adder barely misses you!
The hound bites you but does no damage!
You barely miss the adder! You cut the hound into ribbons!!!
The adder bites you! * * * don't die
* * * The hound bites you! * * * don't die
* * * The adder closely misses you!
The hound bites you but does no damage!
Unknown butt!
The hound butts you! * * * don't die
* * * The adder bites you! rip

.......#.#.###.##.....#
.......#.#..##.####...#
......................#
......................#
##....................#
#.....#...........####
##.....#...........#
...............S.####
..####.......>.h@...###
#..####..........##...##
##..###..........####..###
##...#..........#####...######
###.........................#
###...############........#
#...# #...<....# #####
#........# #........#


You could see a hound and an adder.

Vanquished Creatures
  4 adders
  6 dart slugs
  4 worms
  3 leopard geckos
  An orc (D:3)
  A ball python (D:1)
  19 giant cockroaches
  7 goblins
  7 hobgoblins
  3 jackals (D:3)
  4 kobolds
  8 bats
  4 frilled lizards
  6 rats
77 creatures vanquished.

Vanquished Creatures (collateral kills)
  An ogre (D:4)
1 creature vanquished.

Grand Total: 78 creatures vanquished

Notes
Turn   | Place    | Note
-------+----------+-------------------------------------------
     0 | D:1      | Gorglomux the Demonspawn Gladiator began the quest for the Orb.
     0 | D:1      | Reached XP level 1. HP: 16/16 MP: 1/1
   120 | D:1      | Gained mutation: A weak demonic guardian rushes to your aid. [demonic ancestry]
   120 | D:1      | Reached XP level 2. HP: 19/22 MP: 2/2
   127 | D:1      | Found a shattered altar of Ashenzari.
   139 | D:1      | Reached skill level 3 in Axes
   192 | D:1      | Reached skill level 1 in Armour
   309 | D:1      | Gained mutation: You are partially covered in rugged brown scales. (AC +1, +3% HP) [demonic ancestry]
   309 | D:1      | Reached XP level 3. HP: 23/28 MP: 3/3
   882 | D:2      | Found a runed door.
  1090 | D:2      | Reached XP level 4. HP: 32/35 MP: 4/4
  1097 | D:2      | Reached skill level 3 in Fighting
  1623 | D:2      | Found a sacrificial altar of Ru.
  2834 | D:3      | Gained mutation: You are slightly more attuned to the shadows. [demonic ancestry]
  2834 | D:3      | Reached XP level 5. HP: 39/42 MP: 5/5
  3018 | D:4      | Noticed an ogre
  3025 | D:4      | Killed an ogre
  3034 | D:3      | HP: 1/43 [hound (6)]
  3034 | D:3      | Slain by an adder

Skill      XL: |  1  2  3  4 |
---------------+-------------+-----
Axes           | 3 |  3.9
Armour         | 1 2 |  2.6
Fighting       | 3 |  3.7
Throwing       | |  1.7
Dodging        | |  2.6

Action                   |  1- 3 |  4- 6 || total
-------------------------+-------+-------++-------
Melee: War axe           |   112 |   120 ||   232
  Use: Scroll            |       |     5 ||     5
       Potion            |       |     1 ||     1
 Stab: Sleeping          |     1 |     1 ||     2
  Eat: Chunk             |     1 |     6 ||     7
Armor: Leather armour    |    48 |    49 ||    97
Dodge: Dodged            |   106 |   120 ||   226
